 Dungeon Crawl Stone Soup version 0.17-a0-2127-g1cb09f6 (webtiles) character file.

90 hellewite the Bolt Thrower (level 4, 0/29 HPs)
             Began as a High Elf Hunter on Oct 23, 2015.
             Succumbed to an adder's poison
             ... on level 3 of the Dungeon.
             The game lasted 00:15:56 (1416 turns).

hellewite the Bolt Thrower (High Elf Hunter)        Turns: 1416, Time: 00:15:56

Health: 0/29       AC:  8    Str: 11      XL:     4   Next: 32%
Magic:  5/5        EV: -1    Int: 11 (15) God:
Gold:   50         SH:  8    Dex: 16      Spells: 0 memorised, 3 levels left

rFire  + . .     SeeInvis .     c - +0 short sword
rCold  + . .     Clarity  .     q - +0 chain mail {rF+}
rNeg   . . .     SustAt   .     l - +1 shield {rC+}
rPois  .         Gourm    .     (no helmet)
rElec  .         Spirit   .     (no cloak)
rCorr  .         Warding  .     (no gloves)
rMut   .         Stasis   .     (no boots)
MR     .....                    (no amulet)
Stlth  ..........               (no ring)
                                (no ring)

@: lethally poisoned (0 -> -7), constricted, not resistant to hostile
enchantments, extremely unstealthy
A: no striking features
a: no special abilities


You were on level 3 of the Dungeon.
You were hungry.

You visited 1 branch of the dungeon, and saw 3 of its levels.

You collected 50 gold pieces.

Inventory:

Hand Weapons
 a - a +1 hand crossbow
 c - a +0 short sword (weapon)
 p - a +0 flail
Missiles
 b - 27 bolts (quivered)
 g - 20 poisoned needles
 n - 32 arrows
Armour
 d - a +0 leather armour
 l - a +1 shield of cold resistance (worn)
 q - a +0 chain mail of fire resistance (worn)
 r - a +0 leather armour
Scrolls
 f - 2 scrolls of remove curse {unknown}
 j - 2 scrolls of identify {unknown}
 m - a scroll of amnesia {unknown}
Potions
 h - 2 potions of curing
Comestibles
 e - 2 bread rations
 s - a chunk of flesh


   Skills:
 + Level 2.0 Fighting
 + Level 5.5 Crossbows
 + Level 0.6 Armour
 + Level 2.4 Dodging
 + Level 1.5 Stealth


You had 3 spell levels left.
You didn't know any spells.

Dungeon Overview and Level Annotations

Branches:
Dungeon (3/15)

Altars:
Ru
Xom

Annotations:
D:3 Robin


Message History

You feel sick.
The ball python bites you but does no damage.
The ball python constricts you. You block the adder's attack.
The ice beast hits you but does no damage.
You block the adder's attack. The rat bites you but does no damage.
You block the ball python's attack. The ball python constricts you.
The adder bites you but does no damage.
It was a potion of cancellation.
You feel magically purged.
The ice beast hits you but does no damage.
The adder bites you.
* * * LOW HITPOINT WARNING * * *
You are more poisoned.
The adder poisons you! You block the adder's attack.
The rat bites you but does no damage.
The ball python bites you but does no damage.
The ball python constricts you.
It was a potion of degeneration.
There was something very wrong with that liquid.
You feel dopey.
You die...

# ##..≈..## ##†#.##
##)## # #(###..#
######### #.....#
........# #.#####
........# ..#.#
......SS# ..#.#
......Y@# ..#.#
......rS# #.#.#
......(.# #.#.#
......... #.#.#
........#######.#.#
.........(........#
###############.###
#.# #.#


You could see an ice beast, 2 adders, a ball python and a rat.

Vanquished Creatures
  Terence (D:2)
  2 adders (D:2)
  2 worms (D:2)
  18 goblins
  4 hobgoblins
  2 kobolds
  A quokka (D:2)
  7 bats
  A giant newt (D:1)
  2 jackals (D:1)
  2 rats
42 creatures vanquished.

Notes
Turn   | Place    | Note
--------------------------------------------------------------
     0 | D:1      | hellewite the High Elf Hunter began the quest for the Orb.
     0 | D:1      | Reached XP level 1. HP: 14/14 MP: 2/2
   228 | D:1      | Reached XP level 2. HP: 14/19 MP: 3/3
   449 | D:1      | You fall through a shaft!
   585 | D:2      | Reached XP level 3. HP: 24/24 MP: 4/4
   738 | D:2      | Noticed Terence
   748 | D:2      | Killed Terence
   748 | D:2      | Reached skill level 5 in Crossbows
   881 | D:2      | Reached XP level 4. HP: 29/29 MP: 5/5
   972 | D:2      | Found a sacrificial altar of Ru.
  1333 | D:3      | Found a shimmering altar of Xom.
  1337 | D:3      | Noticed an ice beast
  1339 | D:3      | Noticed Robin
  1365 | D:3      | Found a shimmering altar of Xom.
  1370 | D:3      | Found a shimmering altar of Xom.
  1415 | D:3      | HP: 1/29 [adder (3)]
  1416 | D:3      | Succumbed to an adder's poison

Vault maps used:
D:1:      dpeg_arrival_rooms_a
D:2:      old_standard_altar, uniq_terence
D:3:      first_bread, xom_redecorated, uniq_robin

Action                   |  1- 3 |  4- 6 || total
-------------------------+-------+-------++-------
Melee: Short sword       |     4 |    39 ||    43
 Fire: Hand crossbow     |    67 |    24 ||    91
  Use: Potion            |       |     3 ||     3
  Eat: Chunk             |       |     1 ||     1
